AoeStats
← BIG Q

Arabia

508285785Analyzed
1v1 RM · 11d ago on Sep 21, 2026· 25m 38s· 2 players
Game mode
Random Map
Map size
Tiny (2 player)
Population
200
Speed
Normal
Resources
Standard
Victory
Conquest
Starting age
Dark Age
Ending age
Imperial Age
RankedLock teamsTeams togetherTeam positionsShared explorationLock speedFull tech treeHidden civsTurbo modeCheats
Victory
Defeat
🇺🇸 Italians · United States
1007
+14
🇫🇷 Bulgarians · France
965
-14
luidgi.demaynard
2:23 Loom
10:17 Feudal Age
8:34 Loom
23:21 Castle Age
21:44 Double-Bit Axe
21:46 Horse Collar
23:41 Scale Barding Armor
23:53 Forging
BIG Q
6:39 Loom
9:25 Feudal Age
9:57 Double-Bit Axe
11:08 Town Watch
12:26 Fletching
12:28 Horse Collar
21:06 Castle Age
21:25 Gold Mining
21:06 Crossbowman
21:43 Bodkin Arrow
22:21 Bow Saw
25:45 Wheelbarrow
Connection lost

Rejoining the realm…

Still unreachable

The connection could not be restored.

Session expired

The server has moved on; the page needs a fresh start.